AoeStats
← Dinsomnia

Arena

509934890Analyzed
4v4 RM · 2d ago on Sep 28, 2026· 58m 8s· 8 players
Game mode
Random Map
Map size
Large (8 player)
Population
200
Speed
Normal
Resources
Standard
Victory
Conquest
Starting age
Dark Age
Ending age
Imperial Age
RankedLock teamsTeams togetherTeam positionsShared explorationLock speedFull tech treeHidden civsTurbo modeCheats
Victory
Defeat
🇮🇳 Teutons · India
1227
+12
🇮🇳 Burgundians · India
1213
+12
1197
+13
🇮🇳 Ethiopians · India
1135
+16
🇰🇷 Hindustanis · South Korea
1154
-14
🇨🇿 Varangians · Czechia
1149
-14
🇳🇿 Britons · New Zealand
1117
-13
🇿🇦 Persians · South Africa
1113
-12
Jumbo2_22
10:24 Feudal Age
12:04 Loom
15:14 Castle Age
13:01 Double-Bit Axe
23:20 Horse Collar
27:32 Forging
27:28 Scale Barding Armor
28:18 Bloodlines
28:09 Husbandry
29:20 Wheelbarrow
28:57 Gold Mining
29:17 Husbandry
30:23 Heavy Plow
33:47 Imperial Age
32:21 Bow Saw
33:01 Iron Casting
33:33 Chain Barding Armor
32:39 Vendel Legacy
34:43 Hand Cart
34:30 Cavalier
35:57 Crop Rotation
36:30 Two-Man Saw
35:42 Elite Varangian Guard
36:23 Squires
36:09 Arson
38:55 Blast Furnace
38:31 Plate Barding Armor
39:27 Gothikon
40:19 Scale Mail Armor
48:35 Chain Mail Armor
50:40 Light Cavalry
Straat Kat
9:40 Feudal Age
14:41 Castle Age
15:55 Double-Bit Axe
16:18 Horse Collar
19:10 Loom
27:59 Imperial Age
27:41 Husbandry
27:51 Bloodlines
28:55 Scale Barding Armor
29:00 Forging
28:13 Cavalier
32:46 Iron Casting
33:39 Conscription
36:02 Chain Barding Armor
37:27 Blast Furnace
37:49 Plate Barding Armor
37:40 Heavy Camel Rider
43:04 Wheelbarrow
41:56 Savar
43:09 Town Watch
51:06 Elite War Elephant
53:13 Kamandaran
56:14 Padded Archer Armor
56:05 Fletching
56:39 Ballistics
57:19 Chemistry
56:55 Bodkin Arrow
57:15 Leather Archer Armor
56:25 Crossbowman
57:11 Thumb Ring
56:48 Light Cavalry
58:58 Ring Archer Armor
Dinsomnia
10:53 Feudal Age
14:38 Castle Age
13:31 Fletching
13:31 Double-Bit Axe
13:40 Fletching
14:20 Stone Mining
14:44 Horse Collar
16:49 Bow Saw
24:34 Scale Mail Armor
24:51 Forging
27:10 Squires
28:42 Chain Mail Armor
29:35 Bodkin Arrow
32:49 Wheelbarrow
33:56 Hand Cart
36:58 Imperial Age
35:00 Bloodlines
34:51 Husbandry
35:52 Loom
36:40 Scale Barding Armor
37:11 Iron Casting
37:03 Bloodlines
36:54 Husbandry
37:19 Heavy Camel Rider
39:17 Chain Barding Armor
41:35 Bracer
41:36 Padded Archer Armor
42:49 Chemistry
43:02 Blast Furnace
42:30 Conscription
42:24 Shatagni
44:38 Leather Archer Armor
44:54 Ballistics
45:54 Thumb Ring
46:21 Ring Archer Armor
47:45 Plate Barding Armor
47:55 Light Cavalry
49:38 Blast Furnace
49:46 Hussar
crispyburrito
11:22 Feudal Age
16:02 Castle Age
16:53 Light Cavalry
17:31 Double-Bit Axe
17:28 Horse Collar
19:09 Heavy Plow
23:30 Loom
24:11 Fletching
27:37 Bodkin Arrow
28:59 Wheelbarrow
30:00 Hand Cart
30:21 Bow Saw
32:53 Imperial Age
31:03 Gold Mining
32:03 Yeomen
31:45 Padded Archer Armor
32:07 Ballistics
32:46 Treadmill Crane
33:17 Masonry
34:02 Bracer
34:19 Guilds
34:35 Conscription
35:24 Chemistry
34:55 Architecture
34:49 Elite Longbowman
37:38 Gold Shaft Mining
39:57 Scale Barding Armor
40:03 Forging
40:09 Leather Archer Armor
40:40 Husbandry
40:01 Cavalier
41:33 Hoardings
41:10 Siege Engineers
42:24 Chain Barding Armor
42:04 Scale Mail Armor
42:39 Iron Casting
45:42 Plate Barding Armor
52:45 Squires
52:06 Pikeman
Slow Walking Champi Warrior
10:06 Feudal Age
14:35 Castle Age
15:49 Double-Bit Axe
21:54 Bow Saw
23:26 Stone Mining
23:32 Horse Collar
26:47 Gold Mining
29:06 Wheelbarrow
28:21 Loom
28:46 Heavy Plow
28:38 Town Watch
32:19 Imperial Age
30:06 Hand Cart
32:35 Ballistics
31:57 Treadmill Crane
32:40 Ballistics
32:32 Masonry
32:47 Shield Wall
33:47 Conscription
33:35 Elite Varangian Guard
34:16 Squires
34:02 Gambesons
34:10 Arson
35:17 Crop Rotation
35:51 Two-Man Saw
35:28 Gold Shaft Mining
35:02 Scale Mail Armor
35:12 Forging
34:55 Fletching
36:11 Chain Mail Armor
37:01 Elite Hearth Troop
39:22 Siege Engineers
39:02 Pikeman
39:56 Halberdier
42:32 Plate Mail Armor
42:37 Iron Casting
41:58 Bodkin Arrow
42:50 Guilds
51:20 Town Patrol
52:23 Chemistry
51:49 Caravan
Aaaaaaah Do
10:28 Feudal Age
11:48 Loom
14:48 Castle Age
13:27 Double-Bit Axe
14:20 Horse Collar
31:40 Gold Mining
31:40 Stone Mining
32:31 Bow Saw
35:15 Wheelbarrow
36:52 Heavy Plow
37:33 Stone Shaft Mining
38:18 Hand Cart
38:44 Fortified Wall
41:16 Imperial Age
41:20 Elite Teutonic Knight
42:22 Conscription
41:27 Capped Ram
42:25 Forging
42:16 Scale Mail Armor
43:11 Crop Rotation
43:35 Ironclad
44:59 Iron Casting
44:41 Chain Mail Armor
45:32 Two-Man Saw
46:10 Gambesons
46:25 Squires
46:11 Arson
48:00 Blast Furnace
47:31 Plate Mail Armor
46:59 Town Watch
48:08 Pikeman
48:40 Halberdier
49:32 Town Patrol
Lurker
6:22 Double-Bit Axe
10:25 Feudal Age
14:58 Castle Age
13:16 Horse Collar
16:12 Heavy Plow
19:35 Bow Saw
23:24 Two-Man Saw
22:56 Crop Rotation
22:59 Loom
23:50 Wheelbarrow
23:50 Gold Mining
26:08 Gold Shaft Mining
26:42 Hand Cart
26:59 Town Watch
27:08 Stone Mining
30:17 Imperial Age
27:49 Husbandry
29:17 Scale Barding Armor
29:22 Forging
28:49 Cavalier
30:37 Town Patrol
31:40 Chain Barding Armor
31:55 Iron Casting
30:45 Paladin
32:31 Burgundian Vineyards
32:49 Conscription
33:53 Plate Barding Armor
41:14 Blast Furnace
41:00 Squires
40:45 Arson
40:22 Pikeman
41:06 Scale Mail Armor
42:06 Halberdier
42:32 Light Cavalry
43:54 Chain Mail Armor
43:36 Hussar
49:55 Caravan
56:20 Guilds
57:51 Hoardings
bamboe
10:12 Feudal Age
13:56 Castle Age
12:21 Stone Mining
12:57 Loom
21:10 Double-Bit Axe
21:57 Horse Collar
24:33 Wheelbarrow
24:53 Gold Mining
28:14 Bow Saw
27:55 Crossbowman
29:26 Heavy Plow
29:47 Thumb Ring
32:17 Imperial Age
30:59 Thumb Ring
31:17 Ballistics
30:51 Fletching
31:03 Padded Archer Armor
32:53 Bodkin Arrow
33:14 Leather Archer Armor
33:50 Hand Cart
33:27 Capped Ram
34:52 Conscription
34:40 Scale Mail Armor
34:41 Halberdier
35:37 Arbalester
37:28 Chain Mail Armor
37:24 Forging
38:12 Squires
41:01 Siege Ram
43:19 Bracer
43:55 Iron Casting
43:51 Plate Mail Armor
43:51 Ring Archer Armor
46:51 Chemistry
46:55 Blast Furnace
46:29 Ring Archer Armor
46:48 Arson
48:04 Fortified Wall
51:12 Two-Man Saw
53:48 Murder Holes
53:59 Siege Engineers
54:45 Caravan
Connection lost

Rejoining the realm…

Still unreachable

The connection could not be restored.

Session expired

The server has moved on; the page needs a fresh start.